 Dungeon Crawl Stone Soup version 0.16.2-12-gd0ad4c3 (webtiles) character file.

79340 magipi the Cleaver (level 15, -4/126 HPs)
             Began as a Ghoul Gladiator on Mar 15, 2016.
             Was the Champion of Makhleb.
             Slain by a wolf spider (14 damage)
             ... summoned by a shadow trap
             ... triggered by the player character
             ... on level 3 of the Spider Nest on Mar 16, 2016.
             The game lasted 03:13:36 (21692 turns).

magipi the Cleaver (Ghoul Gladiator)               Turns: 21692, Time: 03:13:36

Health: -4/126     AC: 22    Str: 20 (21) XL:     15   Next: 63%
Magic:  16/28      EV: 12    Int:  6      God:    Makhleb [******]
Gold:   694        SH:  0    Dex: 10 (11) Spells: 4 memorised, 1 level left

rFire  + . .     SeeInvis .     a - +5 war axe (elec)
rCold  + . .     Clarity  .     J - +1 scale mail {MR+}
rNeg   + + +     SustAb   .     (no shield)
rPois  ∞         Gourm    .     c - +2 helmet
rElec  .         Spirit   .     n - +2 cloak
rCorr  .         Warding  .     O - +2 pair of gloves
rMut   .         Stasis   .     K - +1 pair of boots
MR     +++..                    (no amulet)
Stlth  ..........               f - ring of protection from fire
                                r - ring of protection from magic

@: about to teleport, rotting, extremely resistant to hostile enchantments,
extremely unstealthy
A: rotting body, claws 1, carnivore 3, cold resistance 1, negative energy
resistance 3, poison resistance, slow healing 1, torment resistance, unbreathing
a: Minor Destruction, Lesser Servant of Makhleb, Major Destruction, Greater
Servant of Makhleb, Renounce Religion


You were on level 3 of the Spider Nest.
You worshipped Makhleb.
Makhleb was exalted by your worship.
You were not hungry.

You visited 5 branches of the dungeon, and saw 30 of its levels.

You collected 2594 gold pieces.
You spent 1900 gold pieces at shops.

Inventory:

Hand weapons
 a - a +5 war axe of electrocution (weapon)
 b - a +0 blowgun
 v - a +5 battleaxe
Missiles
 o - 45 poisoned needles
 A - a throwing net (quivered)
Armour
 c - a +2 helmet (worn)
 n - a +2 cloak (worn)
 y - a +0 steam dragon armour
 J - a +1 scale mail of magic resistance (worn)
 K - a +1 pair of boots (worn)
 O - a +2 pair of gloves (worn)
Jewellery
 d - an uncursed ring of flight
 f - a ring of protection from fire (right hand)
 i - an uncursed ring of see invisible
 j - an uncursed ring of wizardry
 r - a ring of protection from magic (left hand)
 t - an uncursed ring of teleportation
 w - an uncursed ring of teleport control
 H - an uncursed ring of sustain abilities
Magical devices
 h - a wand of digging (3)
 k - a wand of lightning (5)
 E - a wand of teleportation (1)
 G - a wand of heal wounds (3)
 I - a wand of disintegration (14)
 P - a wand of polymorph (5)
 U - a wand of lightning (0)
 V - a wand of confusion (11)
 Z - a wand of polymorph (17)
Scrolls
 e - a scroll of teleportation
 q - 5 scrolls of identify
 s - 6 scrolls of remove curse
 u - 4 scrolls of recharging
 x - 2 scrolls of magic mapping
 B - 4 scrolls of fog
 F - 4 scrolls of enchant weapon
 W - a scroll of fear
Potions
 l - 2 potions of resistance
 m - a potion of invisibility
 p - 5 potions of restore abilities
 z - a potion of heal wounds
 C - 4 potions of curing
 D - a potion of haste
 M - 5 potions of might
 Q - a potion of magic
 S - 2 potions of cancellation
 X - a potion of agility
Books
 L - a book of the Sky

   Spells                             Type                      Level
   a - Flight                         Charms/Air                   3
   b - Airstrike                      Air                          4
   c - Silence                        Hexes/Air                    5
   d - Deflect Missiles               Charms/Air                   6
   e - Conjure Ball Lightning         Conjuration/Air              6
   f - Tornado                        Air                          9
 R - an Akashic Record {highlevel}

   This book is beyond your current level of understanding.

   Spells                             Type                      Level
   a - Dispersal                      Translocation                6
   b - Controlled Blink               Translocation                7
   c - Malign Gateway                 Summoning/Translocation      7
   d - Disjunction                    Translocation                8
   e - Singularity                    Translocation                9
Miscellaneous
 g - a sack of spiders
 N - a lamp of fire
Comestibles
 T - 6 meat rations


   Skills:
 - Level 10.0 Fighting
 - Level 14.4 Axes
 - Level 5.1 Throwing
 + Level 10.5 Armour
 + Level 5.0 Dodging
 - Level 11.2 Invocations
 - Level 12.1 Evocations


You had one spell level left.
You knew the following spells:

 Your Spells              Type           Power        Failure   Level  Hunger
a - Apportation           Tloc           #.........   93%         1    ##.....
b - Blink                 Tloc           N/A          99%         2    ###....
c - Passage of Golubria   Tloc           N/A          100%        4    #####..
d - Haste                 Chrm           #.......     100%        6    #######


Dungeon Overview and Level Annotations

Branches:
Dungeon (14/15)            Temple (1/1) D:6            Lair (8/8) D:10
 Shoals (0/5) Lair:3       Spider (3/5) Lair:3        Slime (0/6) Lair:8
    Orc (4/4) D:12            Elf (0/3) Orc:3
 Vaults: D:13-14

Altars:
Ashenzari
Cheibriados
Dithmenos
Elyvilon
Fedhas
Gozag
Kikubaaqudgha
Makhleb
Nemelex Xobeh
Okawaru
Qazlal
Ru
Sif Muna
Trog
Vehumet
Xom
Yredelemnul
Zin
The Shining One
Beogh

Shops:
D:6 *   Orc:1 ?}*}   Orc:3 (   Orc:4 =[(*

Annotations:
Lair:5 exclusion: 2 oklob plants


Innate Abilities, Weirdness & Mutations

Your body is rotting away.
You thrive on raw meat.
You have sharp fingernails.
You are carnivorous and can eat meat at any time.
Your flesh is cold resistant.
You are immune to negative energy.
Your system is resistant to poisons.
You heal slowly when monsters are visible.
You are immune to unholy pain and torment.
You can survive without breathing.

Vault maps used:
D:1:      dpeg_arrival_ratfight
D:3:      minivault_14, grunt_decor_cap, st_stairs_1
D:5:      first_bread
D:6:      minmay_temple_entry_glassed_door, serial_shops,
          nicolae_shop_statue_plus, kennysheep_generic_room_5, uniq_edmund,
          uniq_sigmund
D:7:      minivault_22, nemelex_lonely_heart_becter, uniq_crazy_yiuf_cottage
D:8:      hangedman_ranch, corexii_checkpoint_a, uniq_prince_ribbit1, uniq_pikel
D:9:      xom_butterflies
D:10:     lair_0_dummy
D:11:     rats_and_rats_again
D:12:     minmay_orc_entry_guard_dogs, serial_column_ruins,
          column_ruins_columns_straight, column_ruins_columns_straight,
          column_ruins_columns_straight, lemuel_flamethrower_2, uniq_nergalle
D:13:     lightli_wizard_tower
D:14:     lightli_vaults_fourway_checkpoint, minmay_item_behind_shaft
Temple:   grunt_circular_temple_18
Lair:1:   beast_lair_carwin_11, grunt_megastairs_3
Lair:2:   worms_lemuel
Lair:3:   minmay_shoals_entry_lonely_mermaid, spider_nest_entry_rubble,
          hangedman_lair_generics_rect, serial_bayou_shore_b
Lair:4:   infiniplex_staircase_pool
Lair:5:   disabler_island
Lair:6:   kennysheep_abandoned_house
Lair:8:   minmay_lair_end_frog_pond, dpeg_slime_entry_corner, lemuel_fruit_tree
Spider:1: nicolae_spider_mines_2, guppyfry_spider_mini_2
Spider:2: uniq_wiglaf, uniq_nikola
Orc:1:    serial_shops, shop_fountains, nicolae_shop_stone, shop, shop,
          uniq_duvessa
Orc:2:    lightli_volcano_entry_magma_tube
Orc:3:    serial_shops, shop, nicolae_orc_pool_cavern, uniq_erolcha
Orc:4:    pubby_orc_utopia


Message History

You kill the demonic crawler!
Makhleb accepts your kill.
You feel a little better.
You found a web!
You see here a demonic crawler corpse.
You butcher the demonic crawler corpse.
Y - 2 chunks of flesh Eat one of 2 chunks of flesh? (ye/n/q/i?) This raw flesh tastes great!
You continue eating. x2
Eat a chunk of flesh? (ye/n/q/i?) This raw flesh tastes great!
You continue eating. x2
You hear the crackle of electricity.
a - a +5 war axe of electrocution (weapon)
Found a scroll of teleportation.
Unknown command.
A tarantella comes into view.
The tarantella hisses angrily.
Unknown command.
Use which ability? (? or * to list)
A demon appears!
You feel somewhat more hungry.
The tarantella bites your blizzard demon.
Your blizzard demon appears confused.
The tarantella bites your blizzard demon.
Unknown command.
What do you say? t - Shout!
Orders for allies: a - Attack new target. r - Retreat! s - Stop attacking. w - Wait here. f - Follow me.
Anything else - Stay silent.
Gang up on whom?
Press: ? - help, Dir - move target cursor, f - tarantella
Aim: a tarantella Attack!
The tarantella bites your blizzard demon but does no damage.
Your blizzard demon closely misses the tarantella.
Your blizzard demon barely misses the tarantella.
Unknown command.
The tarantella barely misses your blizzard demon.
The tarantella bites your blizzard demon!
Your blizzard demon appears confused.
Shadows whirl around you...
There is a dormant shadow trap here.
Unknown command.
Something hits you but does no damage.
Deactivating autopickup; reactivate with Ctrl-A.
Something hits you!
You feel clumsy.
Something stings you but does no damage.
The wolf spider hits you but does no damage.
The wolf spider bites you but does no damage.
The moth of wrath bites you but does no damage.
The tarantella bites you.
You are confused.
The orb spider begins to weave its threads into a brightly glowing ball.
The wolf spider barely misses you. x2
Drink which item? (? for menu, Esc to quit)
You feel better. The tarantella bites you!
The moth of wrath goads the tarantella on!
The tarantella goes berserk!
The wolf spider hits you but does no damage.
The wolf spider barely misses you.
You feel you are being watched by something.
You feel your power leaking away. Something hits you!
You feel weakened. Something hits you but does no damage. Something stings you.
Shadows whirl around the emperor scorpion...
The tarantella barely misses you. The tarantella misses you.
The tarantella bites you. The wolf spider hits you.
The wolf spider closely misses you.
Unknown command.
Read which item? (? for menu, Esc to quit)
As you read the scroll of teleportation, it crumbles to dust.
You feel strangely unstable.
The tarantella bites you but does no damage.
The moth of wrath goads the wolf spider on!
The wolf spider goes berserk!
The moth of wrath goads the tarantella on!
The tarantella goes berserk!
The wolf spider hits you!!
* * * LOW HITPOINT WARNING * * *
The wolf spider barely misses you. The tarantella bites you.
* * * LOW HITPOINT WARNING * * *
The moth of wrath goads the emperor scorpion on!
The emperor scorpion goes berserk!
Unknown command.
Eat which item? (? for menu, Esc to quit)
Okay, then.
Unknown command.
Read which item? (? for menu, Esc to quit)
Okay, then.
Drink which item? (? for menu, Esc to quit)
Okay, then.
Unknown command.
The tarantella bites you!
* * * LOW HITPOINT WARNING * * *
The wolf spider hits you!
You die...

$..#.##.....#.........
...............#.........
..#.....^.[...............
..##.......................
^.............2..........# .
.....^........s..........#..
............s..s............
........^...^y.ss..........#
........#..s.s##@...<.#.
...............#.....#.#
.................#..#.##
.................$....###
........................####
...#.......................#
..........#.....#...#......##
.#.#.....#................#.#####
.≈.....####..#..#..........###...


You could see a demonic crawler, a wolf spider (berserk), a moth of wrath, a
trapdoor spider, 2 tarantellas and a friendly blizzard demon (confused).

Table legend:
 A = Kills in this place as a percentage of kills in entire the game.
 B = Kills by you in this place as a percentage of kills by you in the entire game.
 C = Kills by friends in this place as a percentage of kills by friends in the entire game.
 D = Other kills in this place as a percentage of other kills in the entire game.
 E = Experience gained in this place as a percentage of experience gained in the entire game.
 F = Experience gained in this place divided by the number of levels of this place that you have seen.
                   A       B       C       D       E      F
               +-------+-------+-------+-------+-------+----------------------
         Total | 100.0 | 100.0 | 100.0 | 100.0 | 100.0 | 3778.1
       Dungeon |  40.2 |  43.2 |   1.2 |   0.0 |  29.8 | 2408.9
          Lair |  21.2 |  21.5 |  16.2 |   0.0 |  31.4 | 4446.5
   Spider Nest |   5.7 |   6.0 |   0.0 | 100.0 |  20.8 | 7852.3
  Orcish Mines |  33.0 |  29.3 |  82.5 |   0.0 |  18.1 | 5122.5
               +-------+-------+-------+-------+-------+----------------------

Vanquished Creatures
  Wiglaf (Spider:2)
  A tengu warrior (D:14)
  2 centaur warriors (D:13)
  Erolcha (Orc:3)
  An orc knight (Orc:4)
  A wizard (D:13)
  2 unseen horrors (D:10)
  5 hill giants
  Pikel (D:8)
  6 orb spiders
  7 orc sorcerers (Orc:4)
  A hornet (Spider:3)
  18 wolf spiders
  A griffon (Lair:8)
  An ugly thing (D:12)
  9 elephants
  3 cyclopes
  2 gargoyles
  18 spiny frogs
  7 black mambas
  A fire drake (Lair:2)
  A centaur skeleton (D:13)
  5 komodo dragons
  4 demonic crawlers
  4 two-headed ogres
  7 trolls
  6 jumping spiders
  6 giant leeches (Lair:8)
  Prince Ribbit (D:8)
  2 ravens (D:14)
  10 blink frogs
  A trapdoor spider zombie (D:13)
  2 basilisks
  A redback (Spider:2)
  A wraith (D:12)
  8 trapdoor spiders
  2 shadows
  5 tarantellas
  A vampire (D:14)
  A wyvern (D:10)
  6 deep elf magi
  30 yaks
  8 hippogriffs
  A deep elf fighter (D:14)
  8 vampire mosquitoes (Lair:8)
  2 steam dragons
  Edmund (D:6)
  4 wargs
  9 water moccasins
  2 porcupines
  A sky beast (D:10)
  13 spiders
  6 phantoms
  A necrophage (D:11)
  A black bear (D:10)
  2 ice beasts
  An orc zombie (Orc:4)
  9 crocodiles
  33 orc warriors
  A slave (D:8)
  18 ogres
  5 centaurs
  2 boring beetles
  Sigmund (D:6)
  Duvessa (Orc:1)
  2 big kobolds (D:8)
  24 giant frogs
  2 scorpions
  7 wights
  29 killer bees
  2 electric eels (Lair:8)
  Dowan (Orc:1)
  A giant frog zombie (D:13)
  3 centaur zombies
  7 crimson imps
  8 hounds
  A giant frog skeleton (D:9)
  7 iguanas
  Crazy Yiuf (D:7)
  21 orc priests
  3 jellies
  38 orc wizards
  11 hell rats
  7 worker ants
  4 sheep
  A hound zombie (D:11)
  4 gnolls (D:5)
  74 river rats
  8 shadow imps
  19 adders
  A giant mite (D:2)
  6 worms
  An iguana zombie (D:10)
  3 adder zombies
  3 giant geckos
  2 oozes (D:5)
  243 orcs
  2 bat skeletons
  3 bat zombies
  2 giant cockroaches
  26 goblins
  25 hobgoblins
  20 jackals
  12 kobolds
  14 quokkas
  13 bats
  A giant cockroach zombie (D:5)
  7 giant newts
  2 giant spores
  A jackal zombie (D:5)
  A quokka skeleton (D:6)
  54 rats
  8 ballistomycetes
  6 fungi
1064 creatures vanquished.

Vanquished Creatures (collateral kills)
  An orc warlord (Orc:4)
  A stone giant (Orc:4)
  An ettin (Orc:3)
  2 hydras (Lair:1)
  6 orc high priests (Orc:4)
  Nergalle (D:12)
  2 orc knights
  A sixfirhy (Orc:4)
  A black mamba (Lair:1)
  A troll (Orc:4)
  2 wargs (Orc:4)
  A porcupine (Lair:1)
  2 ogres (Orc:4)
  6 orc warriors (Orc:4)
  2 giant frogs (Lair:1)
  7 orc priests (Orc:4)
  An orc wizard (Orc:4)
  7 river rats (Lair:1)
  35 orcs
  A goblin (Orc:4)
81 creatures vanquished.

Vanquished Creatures (others)
  An Executioner (Orc:4)
  2 green deaths (Spider:2)
  An ugly thing (D:12)
  A jumping spider (Spider:1)
  A ynoxinul (D:14)
  A mottled dragon (D:12)
  A centaur (D:12)
  A jelly (D:12)
  An iguana (D:12)
  2 adders
  A river rat (Lair:8)
  31 fungi
  10 plants
54 creatures vanquished.

Grand Total: 1199 creatures vanquished

Notes
Turn   | Place    | Note
--------------------------------------------------------------
     0 | D:1      | magipi, the Ghoul Gladiator, began the quest for the Orb.
     0 | D:1      | Reached XP level 1. HP: 17/17 MP: 1/1
    84 | D:1      | Reached skill level 3 in Axes
   166 | D:1      | Reached XP level 2. HP: 18/24 MP: 2/2
   482 | D:2      | Reached XP level 3. HP: 19/29 MP: 3/3
   671 | D:2      | Reached skill level 4 in Axes
   848 | D:2      | Reached XP level 4. HP: 33/36 MP: 3/3
  1403 | D:3      | Reached skill level 5 in Axes
  1418 | D:3      | Reached XP level 5. HP: 36/41 MP: 4/4
  1719 | D:3      | Reached skill level 6 in Axes
  1719 | D:3      | Reached XP level 6. HP: 24/48 MP: 5/5
  2342 | D:4      | Reached skill level 7 in Axes
  2342 | D:4      | Reached XP level 7. HP: 16/55 MP: 5/5
  2424 | D:5      | Entered Level 5 of the Dungeon
  2777 | D:5      | Reached skill level 1 in Armour
  3259 | D:6      | Noticed Edmund
  3267 | D:6      | Reached XP level 8. HP: 48/63 MP: 6/6
  3286 | D:6      | Killed Edmund
  3765 | D:6      | Noticed Sigmund
  3784 | D:6      | Killed Sigmund
  3784 | D:6      | Reached skill level 8 in Axes
  3806 | D:6      | Found a staircase to the Ecumenical Temple.
  3814 | Temple   | Entered the Ecumenical Temple
  3846 | Temple   | Became a worshipper of Makhleb the Destroyer
  4139 | D:6      | Found Duiliubb's Assorted Antiques.
  4165 | D:6      | Reached skill level 5 in Fighting
  4213 | D:6      | Bought a curved gold wand for 108 gold pieces
  4536 | D:7      | Reached XP level 9. HP: 71/74 MP: 7/7
  4579 | D:7      | Acquired Makhleb's first power
  4792 | D:7      | HP: 3/75 [orc warrior/glaive (13)]
  5081 | D:7      | Reached skill level 5 in Armour
  5123 | D:7      | Found a sparkling altar of Nemelex Xobeh.
  5162 | D:7      | Acquired Makhleb's second power
  5213 | D:7      | Reached skill level 9 in Axes
  5456 | D:7      | Noticed Crazy Yiuf
  5463 | D:7      | Killed Crazy Yiuf
  5515 | D:8      | Reached skill level 1 in Invocations
  5534 | D:8      | Noticed Prince Ribbit
  5647 | D:8      | Acquired Makhleb's third power
  5768 | D:8      | Reached XP level 10. HP: 70/86 MP: 11/11
  6029 | D:8      | Killed Prince Ribbit
  6125 | D:8      | Noticed Pikel
  6162 | D:8      | Killed Pikel
  6162 | D:8      | Reached skill level 10 in Axes
  6204 | D:8      | Reached skill level 5 in Invocations
  6501 | D:9      | Found a shimmering altar of Xom.
  6710 | D:9      | Acquired Makhleb's fourth power
  7185 | D:10     | Entered Level 10 of the Dungeon
  7274 | D:10     | Noticed an unseen horror
  7279 | D:10     | Killed an unseen horror
  7279 | D:10     | Reached XP level 11. HP: 53/92 MP: 20/20
  7671 | D:10     | Reached skill level 5 in Throwing
  7873 | D:10     | Found a staircase to the Lair.
  7896 | D:10     | Noticed an unseen horror
  7905 | D:10     | Killed an unseen horror
  7905 | D:10     | Reached skill level 1 in Evocations
  7912 | D:10     | Acquired Makhleb's fifth power
  8508 | D:11     | Noticed a hill giant
  8541 | D:11     | Killed a hill giant
  9156 | D:12     | Reached skill level 5 in Evocations
  9231 | D:12     | Found a staircase to the Orcish Mines.
  9246 | D:12     | Reached skill level 10 in Invocations
  9323 | D:12     | Reached XP level 12. HP: 53/100 MP: 24/24
  9397 | D:12     | Noticed Nergalle
  9676 | Orc:1    | Entered Level 1 of the Orcish Mines
  9679 | Orc:1    | Noticed Duvessa
  9682 | Orc:1    | Noticed Dowan
  9688 | Orc:1    | Killed Duvessa
  9695 | Orc:1    | Found Scho Tuko's Gadget Emporium.
  9699 | Orc:1    | Killed Dowan
  9704 | Orc:1    | Bought a wand of lightning (9) for 169 gold pieces
  9704 | Orc:1    | Bought a wand of polymorph (8) for 130 gold pieces
  9876 | Orc:1    | Found Thic's Gadget Boutique.
  9885 | Orc:1    | Bought a wand of disintegration (7) for 154 gold pieces
 10094 | Orc:2    | Found a dark tunnel.
 10306 | Orc:3    | Noticed Erolcha
 10318 | Orc:3    | Noticed an ettin
 10436 | Orc:3    | Found a staircase to the Elven Halls.
 10449 | Orc:3    | Found Nacuc's Antique Weapon Emporium.
 10658 | Orc:4    | Entered Level 4 of the Orcish Mines
 10686 | Orc:4    | Reached skill level 11 in Invocations
 11633 | Orc:4    | Reached skill level 10 in Evocations
 11639 | Orc:4    | Found a roughly hewn altar of Beogh.
 11891 | Orc:4    | Found Frueg's Jewellery Emporium.
 11895 | Orc:4    | Bought an uncursed ring of protection from fire for 350 gold pieces
 11904 | Orc:4    | Found Epledir's Antique Armour Shoppe.
 11942 | Orc:4    | Reached XP level 13. HP: 91/105 MP: 26/26
 12123 | Orc:4    | Noticed an orc warlord
 12138 | Orc:4    | Killed an orc warlord
 12159 | Orc:4    | Found a roughly hewn altar of Beogh.
 12179 | Orc:4    | Noticed an orc high priest
 12179 | Orc:4    | Found Azymeose's Antique Weapon Emporium.
 12183 | Orc:4    | Killed an orc high priest
 12212 | Orc:4    | Noticed an orc high priest
 12214 | Orc:4    | Found Kliexzol's General Store.
 12218 | Orc:4    | Killed an orc high priest
 12259 | Orc:4    | Bought a potion of heal wounds for 70 gold pieces
 12259 | Orc:4    | Bought a scroll of fear for 49 gold pieces
 12336 | Orc:4    | Noticed an orc high priest
 12340 | Orc:4    | Noticed an orc high priest
 12343 | Orc:4    | Killed an orc high priest
 12347 | Orc:4    | Killed an orc high priest
 12387 | Orc:4    | Noticed an orc high priest
 12389 | Orc:4    | Killed an orc high priest
 12389 | Orc:4    | Reached skill level 12 in Evocations
 12396 | Orc:4    | Noticed an orc high priest
 12401 | Orc:4    | Killed an orc high priest
 12479 | Orc:4    | Noticed a stone giant
 12572 | Orc:4    | Killed a stone giant
 12652 | Orc:3    | Killed Erolcha
 12712 | Orc:3    | Killed an ettin
 12989 | Orc:4    | Bought a lamp of fire for 560 gold pieces
 13142 | Orc:1    | Found Neun Mil's Magic Scroll Shoppe.
 13172 | Orc:1    | Bought a scroll of blinking for 112 gold pieces
 13172 | Orc:1    | Bought a scroll of teleportation for 45 gold pieces
 13305 | Orc:1    | Found Twuronk's Assorted Antiques.
 13313 | Orc:1    | Bought a glowing cloak for 108 gold pieces
 13313 | Orc:1    | Bought a black potion for 21 gold pieces
 13313 | Orc:1    | Bought a scroll labeled APTAVV ADAE for 24 gold pieces
 13589 | D:12     | Killed Nergalle
 14756 | D:14     | Reached XP level 14. HP: 51/118 MP: 27/27
 14877 | Lair:1   | Entered Level 1 of the Lair of Beasts
 15030 | Lair:1   | Learned a level 1 spell: Apportation
 15033 | Lair:1   | Learned a level 2 spell: Blink
 15038 | Lair:1   | Learned a level 4 spell: Passage of Golubria
 15247 | Lair:1   | Got a polished scale mail
 15258 | Lair:1   | Identified the cursed -2 scale mail "Xur Ewn" {rF+ rN+} (You found it on level 1 of the Lair of Beasts)
 16155 | Lair:3   | Reached skill level 10 in Fighting
 16265 | Lair:3   | Found a hole to the Spider Nest.
 16510 | Lair:3   | Found a staircase to the Shoals.
 17798 | Lair:8   | Entered Level 8 of the Lair of Beasts
 18052 | Lair:8   | Reached skill level 10 in Armour
 18325 | Lair:8   | Found a staircase to the Slime Pits.
 18539 | Lair:8   | Reached skill level 13 in Axes
 19075 | Lair:6   | Reached XP level 15. HP: 110/126 MP: 28/28
 19543 | Spider:1 | Entered Level 1 of the Spider Nest
 19780 | Spider:1 | Reached skill level 14 in Axes
 19795 | Spider:1 | HP: 6/126 [wolf spider (18)]
 20237 | Spider:1 | Found a roughly hewn altar of Beogh.
 20344 | Spider:1 | Learned a level 6 spell: Haste
 20725 | Spider:2 | Noticed Wiglaf
 20820 | Spider:2 | Killed Wiglaf
 21571 | Spider:3 | Reached skill level 5 in Dodging
 21692 | Spider:3 | Slain by a wolf spider

Action                   |  1- 3 |  4- 6 |  7- 9 | 10-12 | 13-15 || total
-------------------------+-------+-------+-------+-------+-------++-------
Melee: War axe           |   114 |   227 |   431 |       |  1061 ||  1833
       Battleaxe         |       |       |   129 |  1039 |   403 ||  1571
 Fire: Blowgun           |       |       |       |    23 |    92 ||   115
Throw: Throwing net      |       |     5 |     3 |     2 |     1 ||    11
       Tomahawk          |       |       |     1 |       |       ||     1
Invok: Greater Servant o |       |       |       |     1 |    12 ||    13
       Lesser Servant of |       |       |       |       |     1 ||     1
Evoke: Wand              |       |       |     3 |     9 |    19 ||    31
  Use: Scroll            |     3 |     9 |     4 |    13 |    28 ||    57
       Potion            |       |       |     6 |     6 |     9 ||    21
 Stab: Held in net/web   |       |     2 |     1 |       |       ||     3
       Invisible         |       |       |     6 |       |       ||     6
       Confused          |       |       |       |       |     1 ||     1
       Distracted        |       |       |       |       |     2 ||     2
  Eat: Chunk             |    13 |    28 |    47 |   115 |   154 ||   357
       Beef jerky        |       |       |       |       |     1 ||     1

Action                   |  1- 3 |  4- 6 |  7- 9 | 10-12 | 13-15 || total
-------------------------+-------+-------+-------+-------+-------++-------
Melee: War axe           |   114 |   227 |   431 |       |  1061 ||  1833
       Battleaxe         |       |       |   129 |  1039 |   403 ||  1571
 Fire: Blowgun           |       |       |       |    23 |    92 ||   115
Throw: Throwing net      |       |     5 |     3 |     2 |     1 ||    11
       Tomahawk          |       |       |     1 |       |       ||     1
Invok: Greater Servant o |       |       |       |     1 |    12 ||    13
       Lesser Servant of |       |       |       |       |     1 ||     1
Evoke: Wand              |       |       |     3 |     9 |    19 ||    31
  Use: Scroll            |     3 |     9 |     4 |    13 |    28 ||    57
       Potion            |       |       |     6 |     6 |     9 ||    21
 Stab: Held in net/web   |       |     2 |     1 |       |       ||     3
       Invisible         |       |       |     6 |       |       ||     6
       Confused          |       |       |       |       |     1 ||     1
       Distracted        |       |       |       |       |     2 ||     2
  Eat: Chunk             |    13 |    28 |    47 |   115 |   154 ||   357
       Beef jerky        |       |       |       |       |     1 ||     1

Action                   |  1- 3 |  4- 6 |  7- 9 | 10-12 | 13-15 || total
-------------------------+-------+-------+-------+-------+-------++-------
Melee: War axe           |   114 |   227 |   431 |       |  1061 ||  1833
       Battleaxe         |       |       |   129 |  1039 |   403 ||  1571
 Fire: Blowgun           |       |       |       |    23 |    92 ||   115
Throw: Throwing net      |       |     5 |     3 |     2 |     1 ||    11
       Tomahawk          |       |       |     1 |       |       ||     1
Invok: Greater Servant o |       |       |       |     1 |    12 ||    13
       Lesser Servant of |       |       |       |       |     1 ||     1
Evoke: Wand              |       |       |     3 |     9 |    19 ||    31
  Use: Scroll            |     3 |     9 |     4 |    13 |    28 ||    57
       Potion            |       |       |     6 |     6 |     9 ||    21
 Stab: Held in net/web   |       |     2 |     1 |       |       ||     3
       Invisible         |       |       |     6 |       |       ||     6
       Confused          |       |       |       |       |     1 ||     1
       Distracted        |       |       |       |       |     2 ||     2
  Eat: Chunk             |    13 |    28 |    47 |   115 |   154 ||   357
       Beef jerky        |       |       |       |       |     1 ||     1
